WCHLSIM.com - West Coast Hockey League
html PUBLIC "-//W3C//DTD XHTML 1.0 Transitional//EN" "http://www.w3.org/TR/xhtml1/DTD/xhtml1-transitional.dtd"> WCHL - Game 459 - EDMONTON ICE vs LAS VEGAS LIZARD KINGS

EDMONTON ICE vs LAS VEGAS LIZARD KINGS

Created - 10 décembre 2019 at 18:37

Goals
1 2 3 T
EDMONTON ICE 2 2 0 4
LAS VEGAS LIZARD KINGS 1 0 1 2
Shots
1 2 3 T
EDMONTON ICE 12 11 16 39
LAS VEGAS LIZARD KINGS 5 7 5 17

1st period

1. EDMONTON ICE , Patric Hornqvist 9 (Ryan O'Reilly 25, Anthony Mantha 17) at 6:01
2. LAS VEGAS LIZARD KINGS , Joel Armia 4 (Derek Ryan 10, Alex Petrovic 2) at 12:48
3. EDMONTON ICE , Anthony Mantha 17 (Patric Hornqvist 17, Ryan O'Reilly 26) at 14:13

Penalties :
Casey Nelson (EDM) for Hooking (Minor) at 2:21, Ondrej Kase (EDM) for Goalie Interference (Minor) at 7:40

2nd period

4. EDMONTON ICE , Jaden Schwartz 13 (Valtteri Filppula 11, Oscar Klefbom 14) at 0:18
5. EDMONTON ICE , Anthony Mantha 18 (Valtteri Filppula 12, Colton Parayko 8) at 4:13 (PP)

Penalties :
Alex Petrovic (LVG) for Hooking (Minor) at 2:24, Joel Armia (LVG) for Hooking (Minor) at 10:12

3rd period

6. LAS VEGAS LIZARD KINGS , Ryan Nugent-Hopkins 16 (Mike Ferland 8, Brayden McNabb 6) at 14:23

Penalties :
No Penalty

Goalie Stats

Philipp Grubauer (EDM), 15 saves from 17 shots - (0,882), W, 2-0-0, 60:00 minutes
Marc-Andre Fleury (LVG), 35 saves from 39 shots - (0,897), L, 20-5-1, 60:00 minutes

Players Stats for EDMONTON ICE

Player Name              G  A  P  +/- PIM S  H  SB GA TA FO     MP     PP MP  PK MP  
------------------------------------------------------------------------------------
Andrew MacDonald         0  0  0  -1  0   0  0  1  0  0  0/0    19:44   0:00   1:50 
Anthony Mantha           2  1  3   2  0   5  0  0  0  0  1/1    19:41   1:46   0:06 
Brendan Perlini          0  0  0  -1  0   1  0  0  0  0  0/0     5:02   0:00   0:00 
Casey Nelson             0  0  0   1  2   0  1  1  0  0  0/0    13:30   0:00   0:00 
Colton Parayko           0  1  1   1  0   0  0  0  0  0  0/0    24:39   1:42   2:08 
Conor Sheary             0  0  0   0  0   4  0  0  0  0  0/1    13:39   1:46   0:00 
Eric Fehr                0  0  0   0  0   1  3  0  0  0  6/14   13:46   0:00   1:53 
Jaden Schwartz           1  0  1   0  0   4  1  0  0  0  0/0    19:32   2:02   0:00 
Jeff Petry               0  0  0   1  0   0  3  0  0  0  0/0    22:41   2:06   2:08 
Loui Eriksson            0  0  0   0  0   2  0  0  0  0  0/0    13:40   0:00   1:47 
Markus Nutivaara         0  0  0   1  0   0  0  1  0  0  0/0    15:13   1:42   0:00 
Ondrej Kase              0  0  0   0  2   3  0  0  0  0  0/1    18:28   0:00   0:59 
Oscar Klefbom            0  1  1  -1  0   4  0  2  0  0  0/0    24:12   2:06   1:50 
Oscar Lindberg           0  0  0  -1  0   3  2  0  0  0  2/5     5:02   0:00   0:00 
Patric Hornqvist         1  1  2   2  0   4  0  0  0  0  0/0    19:51   2:02   0:00 
Ryan O'Reilly            0  2  2   2  0   8  0  0  0  0  20/33  21:46   2:02   1:55 
Tanner Pearson           0  0  0  -1  0   0  0  0  0  0  1/2     7:10   0:52   1:16 
Valtteri Filppula        0  2  2   0  0   0  0  0  0  0  10/20  18:24   0:54   0:00 

Players Stats for LAS VEGAS LIZARD KINGS

Player Name              G  A  P  +/- PIM S  H  SB GA TA FO     MP     PP MP  PK MP  
------------------------------------------------------------------------------------
Alex Petrovic            0  1  1   1  2   2  5  3  0  0  0/0    14:18   0:00   0:00 
Andy Andreoff            0  0  0   0  0   0  0  0  0  0  0/0     0:00   0:00   0:00 
Barclay Goodrow          0  0  0   0  0   2  2  0  0  0  0/1    18:31   0:00   0:32 
Bobby Ryan               0  0  0   0  0   1  1  0  0  0  0/0    17:39   1:19   0:00 
Brayden McNabb           0  1  1   1  0   0  0  5  0  0  0/0    23:24   1:19   2:17 
Derek Ryan               0  1  1   1  0   0  1  1  0  0  9/18   17:33   0:00   2:06 
Evan Rodrigues           0  0  0   1  0   0  0  0  0  0  1/3     3:48   0:00   0:18 
Jason Pominville         0  0  0   0  0   0  0  0  0  0  0/0     3:01   0:00   0:00 
Joel Armia               1  0  1   1  2   2  0  0  0  0  1/2    16:43   0:00   1:17 
Johnny Gaudreau          0  0  0  -2  0   1  0  1  0  0  0/0    20:05   2:39   0:00 
Keegan Lowe              0  0  0   1  0   0  1  2  0  0  0/0    14:19   0:00   0:00 
Mark Pysyk               0  0  0  -3  0   0  5  1  0  0  0/0    21:40   2:02   1:31 
Matt Niskanen            0  0  0   1  0   0  0  3  0  0  0/0    24:01   1:56   2:17 
Mike Ferland             0  1  1   0  0   2  4  0  0  0  0/0    17:39   1:19   0:00 
Nick Jensen              0  0  0  -3  0   0  4  1  0  0  0/0    22:17   2:39   1:31 
Nino Niederreiter        0  0  0  -2  0   0  2  0  0  0  1/1    20:56   2:39   0:51 
Ryan Nugent-Hopkins      1  0  1   0  0   4  0  1  0  0  10/21  19:46   1:19   2:07 
Sean Monahan             0  0  0  -2  0   3  0  0  0  0  15/31  20:30   2:39   0:25 

3 Stars

1 - Anthony Mantha (EDM)
2 - Patric Hornqvist (EDM)
3 - Ryan O'Reilly (EDM)

Power Play

EDMONTON ICE - 1 on 2 Attempt(s) - 50,00%
LAS VEGAS LIZARD KINGS - 0 on 2 Attempt(s) - 0,00%

Penalty Kill

EDMONTON ICE - 2 on 2 Attempt(s) - 100,00% - Score 0 goal in Penalty Kill
LAS VEGAS LIZARD KINGS - 1 on 2 Attempt(s) - 50,00% - Score 0 goal in Penalty Kill

Team Stat

EDMONTON ICE - Hits : 10 - Faceoff Wins : 40 - Blocked Shots : 5 - Penalty Minutes : 4
LAS VEGAS LIZARD KINGS - Hits : 25 - Faceoff Wins : 37 - Blocked Shots : 18 - Penalty Minutes : 4

Official

Referees : Mark Lemelin and Darcy Burchell
Linesman : Kevin Ferguson and Caleb Andrade

Game Notes

No Game Note

Finance

Level 1 -- Attendance: 4083 (65,12%) -- Ticket Income 734 940 $
Level 2 -- Attendance: 3304 (62,11%) -- Ticket Income 396 480 $
Level 3 -- Attendance: 1657 (79,28%) -- Ticket Income 132 560 $
Level 4 -- Attendance: 2631 (60,90%) -- Ticket Income 184 170 $
Luxury Box -- Attendance: 715 (71,50%) -- Ticket Income 228 800 $
Game was played at the Casino Square Garden.
Total Attendance: 12390 (65,21%)
Total Ticket Income: 1 676 950 $
Other Income: 503 085 $
Total Income: 2 180 035 $

EDMONTON ICE

5 vs 5 Forward 
   Center                   Left Wing                Right Wing               Time % Phy DF OF 
 1 Ryan O'Reilly            Anthony Mantha           Patric Hornqvist         37     0   2  3  
 2 Valtteri Filppula        Jaden Schwartz           Ondrej Kase              35     1   2  2  
 3 Eric Fehr                Loui Eriksson            Conor Sheary             22     1   3  1  
 4 Oscar Lindberg           Tanner Pearson           Brendan Perlini          6      0   4  1  

5 vs 5 Defense 
   Defense                  Defense                                           Time % Phy DF OF 
 1 Jeff Petry               Colton Parayko                                    36     1   2  2  
 2 Oscar Klefbom            Andrew MacDonald                                  34     1   2  2  
 3 Markus Nutivaara         Casey Nelson                                      23     0   4  1  
 4 Colton Parayko           Oscar Klefbom                                     7      1   2  2  

PowerPlay Forward 
   Center                   Left Wing                Right Wing               Time % Phy DF OF 
 1 Ryan O'Reilly            Jaden Schwartz           Patric Hornqvist         60     0   1  4  
 2 Valtteri Filppula        Conor Sheary             Anthony Mantha           40     0   2  3  

PowerPlay Defense
   Defense                  Defense                                           Time % Phy DF OF 
 1 Oscar Klefbom            Jeff Petry                                        55     0   2  3  
 2 Colton Parayko           Markus Nutivaara                                  45     1   2  2  

Penalty Kill 4 Players Forward 
   Center                   Wing                     Time % Phy DF OF 
 1 Eric Fehr                Loui Eriksson            55     0   4  1  
 2 Ryan O'Reilly            Ondrej Kase              45     0   4  1  

Penalty Kill 4 Players Defense
   Defense                  Defense                  Time % Phy DF OF 
 1 Oscar Klefbom            Andrew MacDonald         55     0   5  0  
 2 Colton Parayko           Jeff Petry               45     0   5  0  

Penalty Kill - 3 Players Forward 
   Forward                                           Time % Phy DF OF 
 1 Eric Fehr                                         55     0   5  0  
 2 Oscar Lindberg                                    45     0   5  0  

Penalty Kill - 3 Players Defense
   Defense                  Defense                  Time % Phy DF OF 
 1 Oscar Klefbom            Andrew MacDonald         55     0   5  0  
 2 Jeff Petry               Colton Parayko           45     0   5  0  

4 vs 4 Forward 
   Center                   Wing                     Time % Phy DF OF 
 1 Valtteri Filppula        Tanner Pearson           55     0   3  2  
 2 Ryan O'Reilly            Brendan Perlini          45     1   2  2  

4 vs 4 Defense
   Defense                  Defense                  Time % Phy DF OF 
 1 Andrew MacDonald         Colton Parayko           55     0   3  2  
 2 Oscar Klefbom            Andrew MacDonald         45     1   2  2  

Last Minutes Offensive
   Center                   Left Wing                Right Wing               Defense                  Defense                  
   Ryan O'Reilly            Jaden Schwartz           Anthony Mantha           Jeff Petry               Colton Parayko           

Last Minutes Defensive
   Center                   Left Wing                Right Wing               Defense                  Defense                  
   Ryan O'Reilly            Jaden Schwartz           Anthony Mantha           Jeff Petry               Oscar Klefbom            

Goaltenders
Starting : Philipp Grubauer         
Backup : Jake Allen               

Extra Forwards
Normal : Patric Hornqvist, Ondrej Kase, Tanner Pearson - PP : Ondrej Kase, Tanner Pearson - PK : Tanner Pearson
Extra Defensemen
Normal : Andrew MacDonald, Colton Parayko, Jeff Petry - PP : Jeff Petry - PK : Markus Nutivaara, Andrew MacDonald
Penalty Shots
Ryan O'Reilly, Anthony Mantha, Patric Hornqvist, Ondrej Kase, Valtteri Filppula
Custom OT Lines Forwards
Jaden Schwartz, Anthony Mantha, Patric Hornqvist, Ryan O'Reilly, Ondrej Kase, Valtteri Filppula, Tanner Pearson, Conor Sheary, Loui Eriksson, Oscar Lindberg
Custom OT Lines Defensemen
Jeff Petry, Colton Parayko, Oscar Klefbom, Andrew MacDonald, Markus Nutivaara

Scratches
Kasperi Kapanen (Left Eye Injury)

LAS VEGAS LIZARD KINGS

5 vs 5 Forward 
   Center                   Left Wing                Right Wing               Time % Phy DF OF 
 1 Sean Monahan             Johnny Gaudreau          Nino Niederreiter        32     0   2  3  
 2 Ryan Nugent-Hopkins      Bobby Ryan               Mike Ferland             31     0   2  3  
 3 Derek Ryan               Barclay Goodrow          Joel Armia               30     0   2  3  
 4 Evan Rodrigues           Barclay Goodrow          Jason Pominville         7      0   3  2  

5 vs 5 Defense 
   Defense                  Defense                                           Time % Phy DF OF 
 1 Matt Niskanen            Brayden McNabb                                    43     0   2  3  
 2 Mark Pysyk               Nick Jensen                                       42     0   2  3  
 3 Alex Petrovic            Keegan Lowe                                       15     0   5  0  
 4 Brayden McNabb           Matt Niskanen                                     0      0   1  4  

PowerPlay Forward 
   Center                   Left Wing                Right Wing               Time % Phy DF OF 
 1 Sean Monahan             Johnny Gaudreau          Nino Niederreiter        70     0   0  5  
 2 Ryan Nugent-Hopkins      Mike Ferland             Bobby Ryan               30     0   0  5  

PowerPlay Defense
   Defense                  Defense                                           Time % Phy DF OF 
 1 Matt Niskanen            Nick Jensen                                       70     0   0  5  
 2 Brayden McNabb           Mark Pysyk                                        30     0   0  5  

Penalty Kill 4 Players Forward 
   Center                   Wing                     Time % Phy DF OF 
 1 Derek Ryan               Joel Armia               65     0   5  0  
 2 Ryan Nugent-Hopkins      Barclay Goodrow          35     0   5  0  

Penalty Kill 4 Players Defense
   Defense                  Defense                  Time % Phy DF OF 
 1 Brayden McNabb           Matt Niskanen            75     0   5  0  
 2 Nick Jensen              Mark Pysyk               25     0   5  0  

Penalty Kill - 3 Players Forward 
   Forward                                           Time % Phy DF OF 
 1 Derek Ryan                                        55     0   5  0  
 2 Evan Rodrigues                                    45     0   5  0  

Penalty Kill - 3 Players Defense
   Defense                  Defense                  Time % Phy DF OF 
 1 Alex Petrovic            Nick Jensen              50     0   5  0  
 2 Brayden McNabb           Keegan Lowe              50     0   5  0  

4 vs 4 Forward 
   Center                   Wing                     Time % Phy DF OF 
 1 Sean Monahan             Johnny Gaudreau          55     1   2  2  
 2 Ryan Nugent-Hopkins      Bobby Ryan               45     1   2  2  

4 vs 4 Defense
   Defense                  Defense                  Time % Phy DF OF 
 1 Brayden McNabb           Matt Niskanen            55     1   2  2  
 2 Alex Petrovic            Mark Pysyk               45     1   2  2  

Last Minutes Offensive
   Center                   Left Wing                Right Wing               Defense                  Defense                  
   Sean Monahan             Ryan Nugent-Hopkins      Nino Niederreiter        Brayden McNabb           Matt Niskanen            

Last Minutes Defensive
   Center                   Left Wing                Right Wing               Defense                  Defense                  
   Derek Ryan               Barclay Goodrow          Joel Armia               Brayden McNabb           Matt Niskanen            

Goaltenders
Starting : Marc-Andre Fleury        
Backup : Curtis McElhinney        

Extra Forwards
Normal : Mike Ferland, Barclay Goodrow, Evan Rodrigues - PP : Mike Ferland, Jason Pominville - PK : Ryan Nugent-Hopkins
Extra Defensemen
Normal : Mark Pysyk, Brayden McNabb, Alex Petrovic - PP : Mark Pysyk - PK : Alex Petrovic, Brayden McNabb
Penalty Shots
Ryan Nugent-Hopkins, Johnny Gaudreau, Sean Monahan, Nino Niederreiter, Jason Pominville
Custom OT Lines Forwards
Sean Monahan, Johnny Gaudreau, Ryan Nugent-Hopkins, Nino Niederreiter, Bobby Ryan, Joel Armia, Mike Ferland, Derek Ryan, Barclay Goodrow, Evan Rodrigues
Custom OT Lines Defensemen
Brayden McNabb, Matt Niskanen, Nick Jensen, Mark Pysyk, Alex Petrovic

Scratches
Givani Smith (Healthy), Beck Malenstyn (Healthy), Brent Burns (Groin Injury), Olli Juolevi (Healthy), Henrik Samuelsson (Healthy)
Jaycob Megna (Fractured Bone in Left Hand Injury), Nick Moutrey (Healthy), Skyler McKenzie (Healthy), Spencer Smallman (Healthy), Ty Dellandrea (Healthy)

% Time on Ice - EDMONTON ICE

Lines # - Real PCT - Wanted PCT - Time Play
Normal Forward
1 - 34% - 37% - 17:49
2 - 34% - 35% - 17:30
3 - 23% - 22% - 11:53
4 - 10% - 6% - 5:02
Normal Defense
1 - 35% - 36% - 18:27
2 - 34% - 34% - 17:54
3 - 26% - 23% - 13:31
4 - 5% - 7% - 2:22
PP Forward
1 - 54% - 60% - 2:02
2 - 46% - 40% - 1:46
PP Defense
1 - 55% - 55% - 2:06
2 - 45% - 45% - 1:42
PK Forward
1 - 52% - 55% - 2:03
2 - 48% - 45% - 1:55
PK Defense
1 - 46% - 55% - 1:50
2 - 54% - 45% - 2:08
PK3 Forward
1 - 0% - 55%
2 - 0% - 45%
PK3 Defense
1 - 0% - 55%
2 - 0% - 45%
44 Forward
1 - 0% - 55%
2 - 0% - 45%
44 Defense
1 - 0% - 55%
2 - 0% - 45%
Last Minute Offensive  - 0:00
Last Minute Defensive  - 0:00
Total
Forward - 60:00
Defense - 60:00

% Time on Ice - LAS VEGAS LIZARD KINGS

Lines # - Real PCT - Wanted PCT - Time Play
Normal Forward
1 - 33% - 32% - 17:26
2 - 31% - 31% - 16:20
3 - 30% - 30% - 15:27
4 - 6% - 7% - 3:01
Normal Defense
1 - 38% - 43% - 19:48
2 - 35% - 42% - 18:07
3 - 27% - 15% - 14:19
4 - 0% - 0% - 0:00
PP Forward
1 - 67% - 70% - 2:39
2 - 33% - 30% - 1:19
PP Defense
1 - 83% - 70% - 3:17
2 - 17% - 30% - 0:41
PK Forward
1 - 100% - 65% - 3:48
2 - 0% - 35% - 0:00
PK Defense
1 - 60% - 75% - 2:17
2 - 40% - 25% - 1:31
PK3 Forward
1 - 0% - 55%
2 - 0% - 45%
PK3 Defense
1 - 0% - 50%
2 - 0% - 50%
44 Forward
1 - 0% - 55%
2 - 0% - 45%
44 Defense
1 - 0% - 55%
2 - 0% - 45%
Last Minute Offensive  - 0:00
Last Minute Defensive  - 0:00
Total
Forward - 60:00
Defense - 60:00

Play-by-Play

1st period


0:01 of 1st period - Ryan O'Reilly wins face-off versus Sean Monahan in neutral zone.
0:20 of 1st period - Shot by Anthony Mantha.
0:20 of 1st period - Shot Blocked by Brayden McNabb.
0:38 of 1st period - Shot by Johnny Gaudreau.
0:38 of 1st period - Stopped by Philipp Grubauer without a rebound.
0:39 of 1st period - Valtteri Filppula wins face-off versus Ryan Nugent-Hopkins in EDMONTON ICE zone.
1:10 of 1st period - Shot by Jaden Schwartz.
1:10 of 1st period - Shot Misses the Net.
1:50 of 1st period - Shot by Conor Sheary.
1:50 of 1st period - Shot Misses the Net.
2:21 of 1st period - Minor Penalty to Casey Nelson for Hooking.
2:22 of 1st period - Ryan O'Reilly wins face-off versus Sean Monahan in EDMONTON ICE zone.
2:30 of 1st period - Off-side.
2:31 of 1st period - Tanner Pearson wins face-off versus Sean Monahan in neutral zone.
2:43 of 1st period - Icing by Sean Monahan.
2:44 of 1st period - Eric Fehr wins face-off versus Sean Monahan in LAS VEGAS LIZARD KINGS zone.
2:48 of 1st period - Icing by Nick Jensen.
2:49 of 1st period - Sean Monahan wins face-off versus Eric Fehr in LAS VEGAS LIZARD KINGS zone.
4:17 of 1st period - Shot by Bobby Ryan.
4:17 of 1st period - Stopped by Philipp Grubauer without a rebound.
4:18 of 1st period - Sean Monahan wins face-off versus Ryan O'Reilly in EDMONTON ICE zone.
4:25 of 1st period - Shot by Derek Ryan.
4:25 of 1st period - Deflect By Joel Armia.
4:25 of 1st period - Stopped by Philipp Grubauer without a rebound.
4:26 of 1st period - Ryan O'Reilly wins face-off versus Derek Ryan in EDMONTON ICE zone.
4:48 of 1st period - Shot by Alex Petrovic.
4:48 of 1st period - Stopped by Philipp Grubauer without a rebound.
4:49 of 1st period - Sean Monahan wins face-off versus Ondrej Kase in EDMONTON ICE zone.
5:23 of 1st period - Shot by Ondrej Kase.
5:23 of 1st period - Shot Misses the Net.
5:25 of 1st period - Shot by Ondrej Kase.
5:25 of 1st period - Stopped by Marc-Andre Fleury without a rebound.
5:26 of 1st period - Ryan O'Reilly wins face-off versus Ryan Nugent-Hopkins in LAS VEGAS LIZARD KINGS zone.
5:29 of 1st period - Shot by Ryan O'Reilly.
5:29 of 1st period - Stopped by Marc-Andre Fleury without a rebound.
5:30 of 1st period - Ryan O'Reilly wins face-off versus Ryan Nugent-Hopkins in LAS VEGAS LIZARD KINGS zone.
5:59 of 1st period - Shot by Ryan O'Reilly.
5:59 of 1st period - Stopped by Marc-Andre Fleury with a rebound.
6:01 of 1st period - Shot by Patric Hornqvist.
6:01 of 1st period - Goal by Patric Hornqvist - EDMONTON ICE : 1 - LAS VEGAS LIZARD KINGS : 0.
6:02 of 1st period - Valtteri Filppula wins face-off versus Sean Monahan in neutral zone.
6:13 of 1st period - Shot by Oscar Klefbom.
6:13 of 1st period - Stopped by Marc-Andre Fleury without a rebound.
6:14 of 1st period - Derek Ryan wins face-off versus Eric Fehr in LAS VEGAS LIZARD KINGS zone.
6:21 of 1st period - Shot by Joel Armia.
6:21 of 1st period - Shot Blocked by Casey Nelson.
6:31 of 1st period - Joel Armia is hit by Eric Fehr and loses puck.
6:46 of 1st period - Shot by Conor Sheary.
6:46 of 1st period - Shot Blocked by Brayden McNabb.
6:48 of 1st period - Shot by Eric Fehr.
6:48 of 1st period - Shot Misses the Net.
7:13 of 1st period - Icing by Brayden McNabb.
7:14 of 1st period - Valtteri Filppula wins face-off versus Derek Ryan in LAS VEGAS LIZARD KINGS zone.
7:40 of 1st period - Minor Penalty to Ondrej Kase for Goalie Interference.
7:41 of 1st period - Eric Fehr wins face-off versus Sean Monahan in EDMONTON ICE zone.
8:16 of 1st period - Shot by Johnny Gaudreau.
8:16 of 1st period - Shot Misses the Net.
8:40 of 1st period - Icing by Sean Monahan.
8:41 of 1st period - Sean Monahan wins face-off versus Eric Fehr in LAS VEGAS LIZARD KINGS zone.
8:41 of 1st period - Sean Monahan is hit by Eric Fehr.
10:16 of 1st period - Shot by Ondrej Kase.
10:16 of 1st period - Shot Misses the Net.
11:09 of 1st period - Ryan O'Reilly is hit by Mark Pysyk and loses puck.
12:13 of 1st period - Shot by Sean Monahan.
12:13 of 1st period - Shot Misses the Net.
12:24 of 1st period - Icing by Oscar Klefbom.
12:25 of 1st period - Oscar Lindberg wins face-off versus Joel Armia in EDMONTON ICE zone.
12:41 of 1st period - Oscar Klefbom is hit by Derek Ryan and loses puck.
12:48 of 1st period - Shot by Joel Armia.
12:48 of 1st period - Goal by Joel Armia - EDMONTON ICE : 1 - LAS VEGAS LIZARD KINGS : 1.
12:49 of 1st period - Eric Fehr wins face-off versus Ryan Nugent-Hopkins in neutral zone.
12:58 of 1st period - Conor Sheary is hit by Mike Ferland and loses puck.
13:07 of 1st period - Shot by Bobby Ryan.
13:07 of 1st period - Shot Misses the Net.
13:33 of 1st period - Icing by Matt Niskanen.
13:34 of 1st period - Ryan O'Reilly wins face-off versus Ryan Nugent-Hopkins in LAS VEGAS LIZARD KINGS zone.
13:35 of 1st period - Shot by Patric Hornqvist.
13:35 of 1st period - Stopped by Marc-Andre Fleury without a rebound.
13:36 of 1st period - Ryan O'Reilly wins face-off versus Sean Monahan in LAS VEGAS LIZARD KINGS zone.
13:36 of 1st period - Anthony Mantha is hit by Nick Jensen.
13:44 of 1st period - Ryan O'Reilly is hit by Nino Niederreiter and loses puck.
14:00 of 1st period - Ryan O'Reilly is hit by Mark Pysyk and loses puck.
14:09 of 1st period - Shot by Patric Hornqvist.
14:09 of 1st period - Stopped by Marc-Andre Fleury with a rebound.
14:11 of 1st period - Shot by Anthony Mantha.
14:11 of 1st period - Shot Misses the Net.
14:13 of 1st period - Shot by Anthony Mantha.
14:13 of 1st period - Goal by Anthony Mantha - EDMONTON ICE : 2 - LAS VEGAS LIZARD KINGS : 1.
14:14 of 1st period - Valtteri Filppula wins face-off versus Derek Ryan in neutral zone.
14:26 of 1st period - Jaden Schwartz is hit by Alex Petrovic and loses puck.
14:41 of 1st period - Shot by Ondrej Kase.
14:41 of 1st period - Stopped by Marc-Andre Fleury without a rebound.
14:42 of 1st period - Eric Fehr wins face-off versus Ryan Nugent-Hopkins in LAS VEGAS LIZARD KINGS zone.
15:15 of 1st period - Shot by Conor Sheary.
15:15 of 1st period - Stopped by Marc-Andre Fleury without a rebound.
15:16 of 1st period - Sean Monahan wins face-off versus Ryan O'Reilly in LAS VEGAS LIZARD KINGS zone.
15:36 of 1st period - Shot by Johnny Gaudreau.
15:36 of 1st period - Deflect By Sean Monahan.
15:36 of 1st period - Shot Misses the Net.
16:29 of 1st period - Shot by Valtteri Filppula.
16:29 of 1st period - Shot Misses the Net.
16:38 of 1st period - Ondrej Kase is hit by Alex Petrovic and loses puck.
16:44 of 1st period - Valtteri Filppula is hit by Alex Petrovic.
16:49 of 1st period - Jaden Schwartz is hit by Alex Petrovic and loses puck.
18:29 of 1st period - Shot by Brendan Perlini.
18:29 of 1st period - Stopped by Marc-Andre Fleury without a rebound.
18:30 of 1st period - Ryan O'Reilly wins face-off versus Sean Monahan in LAS VEGAS LIZARD KINGS zone.
19:21 of 1st period - Icing by Colton Parayko.
19:22 of 1st period - Derek Ryan wins face-off versus Ryan O'Reilly in EDMONTON ICE zone.
19:53 of 1st period - Shot by Jaden Schwartz.
19:53 of 1st period - Stopped by Marc-Andre Fleury without a rebound.
19:54 of 1st period - Sean Monahan wins face-off versus Eric Fehr in LAS VEGAS LIZARD KINGS zone.
Goals for this period are 2 for EDMONTON ICE vs 1 for LAS VEGAS LIZARD KINGS.
Shots for this period are 12 for EDMONTON ICE vs 5 for LAS VEGAS LIZARD KINGS.

2nd period


0:01 of 2nd period - Sean Monahan wins face-off versus Valtteri Filppula in neutral zone.
0:18 of 2nd period - Shot by Jaden Schwartz.
0:18 of 2nd period - Goal by Jaden Schwartz - EDMONTON ICE : 3 - LAS VEGAS LIZARD KINGS : 1.
0:19 of 2nd period - Ryan O'Reilly wins face-off versus Ryan Nugent-Hopkins in neutral zone.
0:40 of 2nd period - Shot by Ryan O'Reilly.
0:40 of 2nd period - Deflect By Anthony Mantha.
0:40 of 2nd period - Stopped by Marc-Andre Fleury with a rebound.
1:18 of 2nd period - Icing by Anthony Mantha.
1:19 of 2nd period - Ryan O'Reilly wins face-off versus Sean Monahan in EDMONTON ICE zone.
1:45 of 2nd period - Jaden Schwartz is hit by Mark Pysyk and loses puck.
1:50 of 2nd period - Shot by Valtteri Filppula.
1:50 of 2nd period - Shot Misses the Net.
2:24 of 2nd period - Minor Penalty to Alex Petrovic for Hooking.
2:25 of 2nd period - Derek Ryan wins face-off versus Tanner Pearson in LAS VEGAS LIZARD KINGS zone.
2:44 of 2nd period - Shot by Anthony Mantha.
2:44 of 2nd period - Shot Blocked by Derek Ryan.
2:46 of 2nd period - Shot by Conor Sheary.
2:46 of 2nd period - Shot Blocked by Brayden McNabb.
4:13 of 2nd period - Shot by Anthony Mantha.
4:13 of 2nd period - Goal by Anthony Mantha - EDMONTON ICE : 4 - LAS VEGAS LIZARD KINGS : 1.
4:14 of 2nd period - Oscar Lindberg wins face-off versus Evan Rodrigues in neutral zone.
4:27 of 2nd period - Shot by Oscar Lindberg.
4:27 of 2nd period - Shot Blocked by Keegan Lowe.
4:32 of 2nd period - Brendan Perlini is hit by Alex Petrovic and loses puck.
4:39 of 2nd period - Shot by Oscar Lindberg.
4:39 of 2nd period - Stopped by Marc-Andre Fleury without a rebound.
4:40 of 2nd period - Ryan Nugent-Hopkins wins face-off versus Eric Fehr in LAS VEGAS LIZARD KINGS zone.
4:57 of 2nd period - Shot by Ryan Nugent-Hopkins.
4:57 of 2nd period - Shot Misses the Net.
5:03 of 2nd period - Shot by Ryan Nugent-Hopkins.
5:03 of 2nd period - Stopped by Philipp Grubauer without a rebound.
5:04 of 2nd period - Sean Monahan wins face-off versus Ryan O'Reilly in EDMONTON ICE zone.
5:06 of 2nd period - Johnny Gaudreau is hit by Jeff Petry and loses puck.
6:18 of 2nd period - Shot by Jaden Schwartz.
6:18 of 2nd period - Stopped by Marc-Andre Fleury with a rebound.
6:50 of 2nd period - Icing by Jaden Schwartz.
6:51 of 2nd period - Ryan Nugent-Hopkins wins face-off versus Valtteri Filppula in EDMONTON ICE zone.
7:00 of 2nd period - Shot by Mike Ferland.
7:00 of 2nd period - Stopped by Philipp Grubauer with a rebound.
7:20 of 2nd period - Loui Eriksson is hit by Bobby Ryan and loses puck.
7:59 of 2nd period - Shot by Sean Monahan.
7:59 of 2nd period - Shot Misses the Net.
8:56 of 2nd period - Shot by Patric Hornqvist.
8:56 of 2nd period - Shot Misses the Net.
10:12 of 2nd period - Minor Penalty to Joel Armia for Hooking.
10:13 of 2nd period - Derek Ryan wins face-off versus Valtteri Filppula in LAS VEGAS LIZARD KINGS zone.
10:32 of 2nd period - Shot by Oscar Klefbom.
10:32 of 2nd period - Stopped by Marc-Andre Fleury with a rebound.
10:34 of 2nd period - Shot by Conor Sheary.
10:34 of 2nd period - Stopped by Marc-Andre Fleury without a rebound.
10:35 of 2nd period - Ryan Nugent-Hopkins wins face-off versus Ryan O'Reilly in LAS VEGAS LIZARD KINGS zone.
11:34 of 2nd period - Shot by Anthony Mantha.
11:34 of 2nd period - Shot Misses the Net.
11:36 of 2nd period - Shot by Oscar Klefbom.
11:36 of 2nd period - Stopped by Marc-Andre Fleury without a rebound.
11:37 of 2nd period - Derek Ryan wins face-off versus Ryan O'Reilly in LAS VEGAS LIZARD KINGS zone.
12:07 of 2nd period - Icing by Jaden Schwartz.
12:08 of 2nd period - Ryan O'Reilly wins face-off versus Sean Monahan in EDMONTON ICE zone.
12:21 of 2nd period - Shot by Jason Pominville.
12:21 of 2nd period - Shot Misses the Net.
12:23 of 2nd period - Shot by Barclay Goodrow.
12:23 of 2nd period - Stopped by Philipp Grubauer without a rebound.
12:24 of 2nd period - Eric Fehr wins face-off versus Sean Monahan in EDMONTON ICE zone.
12:24 of 2nd period - Eric Fehr is hit by Nino Niederreiter.
12:36 of 2nd period - Shot by Eric Fehr.
12:36 of 2nd period - Shot Blocked by Johnny Gaudreau.
12:42 of 2nd period - Shot by Conor Sheary.
12:42 of 2nd period - Shot Misses the Net.
12:44 of 2nd period - Shot by Eric Fehr.
12:44 of 2nd period - Deflect By Loui Eriksson.
12:44 of 2nd period - Stopped by Marc-Andre Fleury without a rebound.
12:45 of 2nd period - Ryan Nugent-Hopkins wins face-off versus Valtteri Filppula in LAS VEGAS LIZARD KINGS zone.
13:02 of 2nd period - Bobby Ryan is hit by Jaden Schwartz and loses puck.
13:15 of 2nd period - Shot by Mike Ferland.
13:15 of 2nd period - Stopped by Philipp Grubauer without a rebound.
13:16 of 2nd period - Eric Fehr wins face-off versus Barclay Goodrow in EDMONTON ICE zone.
13:16 of 2nd period - Eric Fehr is hit by Barclay Goodrow.
14:20 of 2nd period - Shot by Valtteri Filppula.
14:20 of 2nd period - Shot Misses the Net.
14:22 of 2nd period - Shot by Oscar Klefbom.
14:22 of 2nd period - Stopped by Marc-Andre Fleury without a rebound.
14:23 of 2nd period - Ryan Nugent-Hopkins wins face-off versus Ryan O'Reilly in LAS VEGAS LIZARD KINGS zone.
14:39 of 2nd period - Shot by Anthony Mantha.
14:39 of 2nd period - Shot Misses the Net.
14:44 of 2nd period - Ryan O'Reilly is hit by Mark Pysyk and loses puck.
14:49 of 2nd period - Shot by Ryan O'Reilly.
14:49 of 2nd period - Stopped by Marc-Andre Fleury without a rebound.
14:50 of 2nd period - Valtteri Filppula wins face-off versus Sean Monahan in LAS VEGAS LIZARD KINGS zone.
15:01 of 2nd period - Shot by Sean Monahan.
15:01 of 2nd period - Stopped by Philipp Grubauer with a rebound.
15:03 of 2nd period - Shot by Alex Petrovic.
15:03 of 2nd period - Stopped by Philipp Grubauer without a rebound.
15:04 of 2nd period - Ryan Nugent-Hopkins wins face-off versus Ryan O'Reilly in EDMONTON ICE zone.
15:12 of 2nd period - Bobby Ryan is hit by Jeff Petry and loses puck.
15:17 of 2nd period - Shot by Ryan Nugent-Hopkins.
15:17 of 2nd period - Stopped by Philipp Grubauer without a rebound.
15:18 of 2nd period - Sean Monahan wins face-off versus Valtteri Filppula in EDMONTON ICE zone.
15:41 of 2nd period - Shot by Sean Monahan.
15:41 of 2nd period - Shot Misses the Net.
15:53 of 2nd period - Shot by Jaden Schwartz.
15:53 of 2nd period - Shot Blocked by Matt Niskanen.
16:18 of 2nd period - Shot by Ryan O'Reilly.
16:18 of 2nd period - Shot Misses the Net.
16:20 of 2nd period - Shot by Anthony Mantha.
16:20 of 2nd period - Deflect By Patric Hornqvist.
16:20 of 2nd period - Shot Misses the Net.
16:28 of 2nd period - Shot by Anthony Mantha.
16:28 of 2nd period - Shot Misses the Net.
16:30 of 2nd period - Shot by Ryan O'Reilly.
16:30 of 2nd period - Shot Blocked by Brayden McNabb.
17:22 of 2nd period - Shot by Derek Ryan.
17:22 of 2nd period - Shot Blocked by Markus Nutivaara.
17:29 of 2nd period - Joel Armia is hit by Casey Nelson and loses puck.
17:59 of 2nd period - Mike Ferland is hit by Eric Fehr and loses puck.
18:20 of 2nd period - Shot by Valtteri Filppula.
18:20 of 2nd period - Shot Blocked by Alex Petrovic.
18:22 of 2nd period - Shot by Jaden Schwartz.
18:22 of 2nd period - Shot Misses the Net.
18:24 of 2nd period - Shot by Ondrej Kase.
18:24 of 2nd period - Shot Blocked by Keegan Lowe.
18:26 of 2nd period - Shot by Andrew MacDonald.
18:26 of 2nd period - Shot Blocked by Alex Petrovic.
19:00 of 2nd period - Mike Ferland is hit by Oscar Lindberg and loses puck.
Goals for this period are 2 for EDMONTON ICE vs 0 for LAS VEGAS LIZARD KINGS.
Shots for this period are 11 for EDMONTON ICE vs 7 for LAS VEGAS LIZARD KINGS.

3rd period


0:01 of 3rd period - Valtteri Filppula wins face-off versus Derek Ryan in neutral zone.
0:07 of 3rd period - Ondrej Kase is hit by Mark Pysyk and loses puck.
0:18 of 3rd period - Shot by Jaden Schwartz.
0:18 of 3rd period - Shot Blocked by Mark Pysyk.
0:23 of 3rd period - Ondrej Kase is hit by Nick Jensen and loses puck.
0:36 of 3rd period - Shot by Ondrej Kase.
0:36 of 3rd period - Shot Blocked by Nick Jensen.
0:39 of 3rd period - Jaden Schwartz is hit by Nick Jensen and loses puck.
0:53 of 3rd period - Icing by Barclay Goodrow.
0:54 of 3rd period - Derek Ryan wins face-off versus Ryan O'Reilly in LAS VEGAS LIZARD KINGS zone.
0:59 of 3rd period - Shot by Patric Hornqvist.
0:59 of 3rd period - Shot Misses the Net.
1:07 of 3rd period - Shot by Anthony Mantha.
1:07 of 3rd period - Shot Misses the Net.
1:21 of 3rd period - Shot by Ryan O'Reilly.
1:21 of 3rd period - Stopped by Marc-Andre Fleury without a rebound.
1:22 of 3rd period - Ryan Nugent-Hopkins wins face-off versus Conor Sheary in LAS VEGAS LIZARD KINGS zone.
1:27 of 3rd period - Eric Fehr is hit by Mike Ferland.
1:41 of 3rd period - Shot by Conor Sheary.
1:41 of 3rd period - Shot Misses the Net.
1:47 of 3rd period - Shot by Eric Fehr.
1:47 of 3rd period - Stopped by Marc-Andre Fleury without a rebound.
1:48 of 3rd period - Ryan O'Reilly wins face-off versus Sean Monahan in LAS VEGAS LIZARD KINGS zone.
1:56 of 3rd period - Icing by Jeff Petry.
1:57 of 3rd period - Ryan O'Reilly wins face-off versus Sean Monahan in EDMONTON ICE zone.
2:01 of 3rd period - Off-side.
2:02 of 3rd period - Valtteri Filppula wins face-off versus Sean Monahan in neutral zone.
2:21 of 3rd period - Shot by Johnny Gaudreau.
2:21 of 3rd period - Shot Blocked by Andrew MacDonald.
2:25 of 3rd period - Shot by Nino Niederreiter.
2:25 of 3rd period - Shot Blocked by Oscar Klefbom.
2:36 of 3rd period - Off-side.
2:37 of 3rd period - Anthony Mantha wins face-off versus Ryan Nugent-Hopkins in neutral zone.
4:01 of 3rd period - Icing by Colton Parayko.
4:02 of 3rd period - Sean Monahan wins face-off versus Ryan O'Reilly in EDMONTON ICE zone.
5:28 of 3rd period - Shot by Eric Fehr.
5:28 of 3rd period - Shot Misses the Net.
5:30 of 3rd period - Shot by Eric Fehr.
5:30 of 3rd period - Deflect By Conor Sheary.
5:30 of 3rd period - Stopped by Marc-Andre Fleury with a rebound.
5:32 of 3rd period - Shot by Conor Sheary.
5:32 of 3rd period - Stopped by Marc-Andre Fleury without a rebound.
5:33 of 3rd period - Derek Ryan wins face-off versus Oscar Lindberg in LAS VEGAS LIZARD KINGS zone.
6:05 of 3rd period - Shot by Barclay Goodrow.
6:05 of 3rd period - Shot Hit the Post.
6:09 of 3rd period - Shot by Derek Ryan.
6:09 of 3rd period - Shot Misses the Net.
6:13 of 3rd period - Shot by Derek Ryan.
6:13 of 3rd period - Deflect By Joel Armia.
6:13 of 3rd period - Shot Misses the Net.
6:35 of 3rd period - Eric Fehr is hit by Mike Ferland.
7:17 of 3rd period - Off-side.
7:18 of 3rd period - Evan Rodrigues wins face-off versus Valtteri Filppula in neutral zone.
7:21 of 3rd period - Colton Parayko is hit by Barclay Goodrow and loses puck.
8:08 of 3rd period - Shot by Sean Monahan.
8:08 of 3rd period - Stopped by Philipp Grubauer without a rebound.
8:09 of 3rd period - Ryan O'Reilly wins face-off versus Ryan Nugent-Hopkins in EDMONTON ICE zone.
8:09 of 3rd period - Ryan O'Reilly is hit by Mike Ferland.
8:25 of 3rd period - Shot by Patric Hornqvist.
8:25 of 3rd period - Shot Blocked by Ryan Nugent-Hopkins.
8:33 of 3rd period - Shot by Anthony Mantha.
8:33 of 3rd period - Stopped by Marc-Andre Fleury without a rebound.
8:34 of 3rd period - Sean Monahan wins face-off versus Oscar Lindberg in LAS VEGAS LIZARD KINGS zone.
8:36 of 3rd period - Icing by Johnny Gaudreau.
8:37 of 3rd period - Sean Monahan wins face-off versus Eric Fehr in LAS VEGAS LIZARD KINGS zone.
8:43 of 3rd period - Icing by Matt Niskanen.
8:44 of 3rd period - Sean Monahan wins face-off versus Ryan O'Reilly in LAS VEGAS LIZARD KINGS zone.
9:05 of 3rd period - Off-side.
9:06 of 3rd period - Joel Armia wins face-off versus Valtteri Filppula in neutral zone.
9:28 of 3rd period - Shot by Jaden Schwartz.
9:28 of 3rd period - Shot Misses the Net.
9:42 of 3rd period - Shot by Ondrej Kase.
9:42 of 3rd period - Stopped by Marc-Andre Fleury without a rebound.
9:43 of 3rd period - Ryan O'Reilly wins face-off versus Ryan Nugent-Hopkins in LAS VEGAS LIZARD KINGS zone.
9:44 of 3rd period - Shot by Patric Hornqvist.
9:44 of 3rd period - Shot Blocked by Matt Niskanen.
9:54 of 3rd period - Shot by Ryan O'Reilly.
9:54 of 3rd period - Stopped by Marc-Andre Fleury without a rebound.
9:55 of 3rd period - Nino Niederreiter wins face-off versus Eric Fehr in LAS VEGAS LIZARD KINGS zone.
10:06 of 3rd period - Shot by Loui Eriksson.
10:06 of 3rd period - Shot Blocked by Brayden McNabb.
10:33 of 3rd period - Shot by Sean Monahan.
10:33 of 3rd period - Stopped by Philipp Grubauer without a rebound.
10:34 of 3rd period - Ryan O'Reilly wins face-off versus Derek Ryan in EDMONTON ICE zone.
10:40 of 3rd period - Shot by Barclay Goodrow.
10:40 of 3rd period - Stopped by Philipp Grubauer without a rebound.
10:41 of 3rd period - Derek Ryan wins face-off versus Ryan O'Reilly in EDMONTON ICE zone.
10:42 of 3rd period - Shot by Joel Armia.
10:42 of 3rd period - Shot Misses the Net.
10:45 of 3rd period - Icing by Anthony Mantha.
10:46 of 3rd period - Ryan O'Reilly wins face-off versus Derek Ryan in EDMONTON ICE zone.
11:43 of 3rd period - Shot by Ryan Nugent-Hopkins.
11:43 of 3rd period - Stopped by Philipp Grubauer without a rebound.
11:44 of 3rd period - Sean Monahan wins face-off versus Valtteri Filppula in EDMONTON ICE zone.
12:05 of 3rd period - Shot by Sean Monahan.
12:05 of 3rd period - Shot Misses the Net.
12:41 of 3rd period - Shot by Eric Fehr.
12:41 of 3rd period - Shot Misses the Net.
12:43 of 3rd period - Shot by Loui Eriksson.
12:43 of 3rd period - Stopped by Marc-Andre Fleury without a rebound.
12:44 of 3rd period - Ryan Nugent-Hopkins wins face-off versus Oscar Lindberg in LAS VEGAS LIZARD KINGS zone.
13:00 of 3rd period - Ryan Nugent-Hopkins is hit by Jeff Petry and loses puck.
13:08 of 3rd period - Shot by Jeff Petry.
13:08 of 3rd period - Shot Misses the Net.
13:10 of 3rd period - Shot by Tanner Pearson.
13:10 of 3rd period - Shot Misses the Net.
13:12 of 3rd period - Shot by Oscar Lindberg.
13:12 of 3rd period - Stopped by Marc-Andre Fleury without a rebound.
13:13 of 3rd period - Ryan O'Reilly wins face-off versus Derek Ryan in LAS VEGAS LIZARD KINGS zone.
13:16 of 3rd period - Shot by Anthony Mantha.
13:16 of 3rd period - Shot Misses the Net.
13:18 of 3rd period - Shot by Ryan O'Reilly.
13:18 of 3rd period - Stopped by Marc-Andre Fleury with a rebound.
13:24 of 3rd period - Shot by Ryan O'Reilly.
13:24 of 3rd period - Stopped by Marc-Andre Fleury without a rebound.
13:25 of 3rd period - Valtteri Filppula wins face-off versus Evan Rodrigues in LAS VEGAS LIZARD KINGS zone.
13:37 of 3rd period - Ondrej Kase is hit by Nick Jensen and loses puck.
13:58 of 3rd period - Shot by Jason Pominville.
13:58 of 3rd period - Shot Blocked by Oscar Klefbom.
14:21 of 3rd period - Shot by Ryan Nugent-Hopkins.
14:21 of 3rd period - Shot Misses the Net.
14:23 of 3rd period - Shot by Ryan Nugent-Hopkins.
14:23 of 3rd period - Goal by Ryan Nugent-Hopkins - EDMONTON ICE : 4 - LAS VEGAS LIZARD KINGS : 2.
14:24 of 3rd period - Sean Monahan wins face-off versus Ryan O'Reilly in neutral zone.
14:45 of 3rd period - Shot by Anthony Mantha.
14:45 of 3rd period - Stopped by Marc-Andre Fleury without a rebound.
14:46 of 3rd period - Ryan Nugent-Hopkins wins face-off versus Eric Fehr in LAS VEGAS LIZARD KINGS zone.
15:01 of 3rd period - Shot by Ryan Nugent-Hopkins.
15:01 of 3rd period - Shot Misses the Net.
15:21 of 3rd period - Shot by Loui Eriksson.
15:21 of 3rd period - Shot Blocked by Matt Niskanen.
15:34 of 3rd period - Off-side.
15:35 of 3rd period - Ryan O'Reilly wins face-off versus Derek Ryan in neutral zone.
15:40 of 3rd period - Shot by Patric Hornqvist.
15:40 of 3rd period - Stopped by Marc-Andre Fleury without a rebound.
15:41 of 3rd period - Derek Ryan wins face-off versus Valtteri Filppula in LAS VEGAS LIZARD KINGS zone.
15:52 of 3rd period - Icing by Mark Pysyk.
15:53 of 3rd period - Ryan O'Reilly wins face-off versus Derek Ryan in LAS VEGAS LIZARD KINGS zone.
15:56 of 3rd period - Shot by Anthony Mantha.
15:56 of 3rd period - Shot Misses the Net.
16:02 of 3rd period - Shot by Ryan O'Reilly.
16:02 of 3rd period - Stopped by Marc-Andre Fleury without a rebound.
16:03 of 3rd period - Valtteri Filppula wins face-off versus Sean Monahan in LAS VEGAS LIZARD KINGS zone.
16:12 of 3rd period - Shot by Ondrej Kase.
16:12 of 3rd period - Shot Misses the Net.
16:14 of 3rd period - Shot by Valtteri Filppula.
16:14 of 3rd period - Shot Misses the Net.
16:40 of 3rd period - Shot by Ondrej Kase.
16:40 of 3rd period - Shot Misses the Net.
17:09 of 3rd period - Shot by Anthony Mantha.
17:09 of 3rd period - Shot Misses the Net.
17:25 of 3rd period - Shot by Derek Ryan.
17:25 of 3rd period - Shot Misses the Net.
17:27 of 3rd period - Shot by Derek Ryan.
17:27 of 3rd period - Shot Misses the Net.
18:37 of 3rd period - Mark Pysyk is hit by Oscar Lindberg.
18:41 of 3rd period - Shot by Oscar Lindberg.
18:41 of 3rd period - Stopped by Marc-Andre Fleury without a rebound.
18:42 of 3rd period - Valtteri Filppula wins face-off versus Ryan Nugent-Hopkins in LAS VEGAS LIZARD KINGS zone.
18:42 of 3rd period - Jaden Schwartz is hit by Keegan Lowe and loses puck.
18:45 of 3rd period - Shot by Valtteri Filppula.
18:45 of 3rd period - Deflect By Jaden Schwartz.
18:45 of 3rd period - Shot Misses the Net.
18:47 of 3rd period - Shot by Jaden Schwartz.
18:47 of 3rd period - Shot Misses the Net.
18:49 of 3rd period - Shot by Jaden Schwartz.
18:49 of 3rd period - Stopped by Marc-Andre Fleury without a rebound.
18:50 of 3rd period - Ryan Nugent-Hopkins wins face-off versus Valtteri Filppula in LAS VEGAS LIZARD KINGS zone.
19:30 of 3rd period - Shot by Jaden Schwartz.
19:30 of 3rd period - Shot Blocked by Alex Petrovic.
Goals for this period are 0 for EDMONTON ICE vs 1 for LAS VEGAS LIZARD KINGS.
Shots for this period are 16 for EDMONTON ICE vs 5 for LAS VEGAS LIZARD KINGS.


JOHNNY
GAUDREAU
MATTHEW
BOLDY
OWEN
TIPPETT

EAST COAST

HOCKEY LEAGUE

  • 29.PIT6MAN7
  • 30.ATL6NHW2
  • 31.WOR4PET3
  • 32.3RHI4
  • 33.CHIQUE
  • 34.LIMCHA
  • 35.LONTRV
  • 36.BALCHW